 Dungeon Crawl Stone Soup version 0.24.0-125-gc4c63601f3 (webtiles) character file.

Game seed: 17998960667278350144, levelgen mode: deterministic

5476 Curus the Carver (level 10, -2/136 HPs)
             Began as a Minotaur Berserker on Feb 19, 2020.
             Was a High Priest of Trog.
             Killed from afar by a frost giant (13 damage)
             ... with a bolt of cold
             ... on level 9 of the Dungeon on Feb 20, 2020.
             The game lasted 00:35:57 (6115 turns).

Curus the Carver (Minotaur Berserker)               Turns: 6115, Time: 00:35:58

Health: -2/136     AC: 21    Str: 25 (27) XL:     10   Next: 42%
Magic:  9/9        EV:  7    Int: 11 (13) God:    Trog [*****.]
Gold:   151        SH:  3    Dex:  3 (6)  Spells: 9/9 levels left

rFire    x . .     SeeInvis .   y - +5 falchion
rCold    + . .     Gourm    .   p - +1 buckler
rNeg     . . .     Faith    .   w - +0 plate armour
rPois    +         Spirit   .   v - +1 hat of Defence {Int+6 Dex-4 Slay+5}
rElec    .         Reflect  .   j - +0 cloak
rCorr    .         Harm     .   k - +0 pair of gloves
MR       .....                  r - +0 pair of boots
Stlth    ..........             l - amulet of regeneration
HPRegen  0.72/turn              D - ring of poison resistance
MPRegen  0.11/turn              n - ring of ice

@: berserking, very quick
A: retaliatory headbutt, horns 2, thin metallic scales 1, camouflage 1
a: Berserk, Trog's Hand, Brothers in Arms, Renounce Religion


You were on level 9 of the Dungeon.
You worshipped Trog.
Trog was extremely pleased with you.
You were not hungry.

You visited 1 branch of the dungeon, and saw 9 of its levels.

You collected 300 gold pieces.
You spent 149 gold pieces at shops.

Inventory:

Hand Weapons
 a - a +0 falchion
 y - a +5 falchion (weapon)
Armour
 b - a +0 animal skin
 e - a +0 chain mail
 j - a +0 cloak (worn)
 k - a +0 pair of gloves (worn)
 p - a +1 buckler (worn)
 r - a +0 pair of boots (worn)
 v - the +1 hat of Defence (worn) {Int+6 Dex-4 Slay+5}
   (You acquired it on level 5 of the Dungeon)

   It affects your intelligence (+6).
   It affects your dexterity (-4).
   It affects your accuracy and damage with ranged weapons and melee attacks
   (+5).
 w - a +0 plate armour (worn)
Jewellery
 d - an uncursed ring of positive energy
 g - a -3 ring of intelligence
 i - an uncursed ring of see invisible
 l - an amulet of regeneration (around neck)
 m - an uncursed ring of attention
 n - a ring of ice (right hand)
 B - a cursed ring of teleportation
 C - an uncursed ring of positive energy
 D - a ring of poison resistance (left hand)
Wands
 q - a wand of acid (10)
 s - a wand of disintegration (10)
 u - a wand of random effects (16)
 F - a wand of digging (3)
Scrolls
 f - 8 scrolls of teleportation
 o - 4 scrolls of identify
 z - 5 scrolls of fog
 E - a scroll of magic mapping
Potions
 h - 4 potions of mutation
 t - a potion of curing
 x - a potion of magic
 A - 2 potions of heal wounds
Comestibles
 c - 12 rations


   Skills:
 + Level 9.3 Fighting
 - Level 14.0 Long Blades
 + Level 8.8 Armour
 - Level 2.1 Dodging


You had 9 spell levels left.
You didn't know any spells.
Your spell library was empty.

Dungeon Overview and Level Annotations

Branches:
Dungeon (9/15)             Temple (0/1) D:7
   Lair: D:8-11         Orc: D:9-12

Altars:
Dithmenos
Elyvilon
Okawaru
Ru
Wu Jian

Shops:
D:4 (**   D:8 ?


Innate Abilities, Weirdness & Mutations

You reflexively headbutt those who attack you in melee.
You have a pair of horns on your head.
You are partially covered in thin metallic scales. (AC +2)
Your skin changes colour to match your surroundings (Stealth+).


Message History

* * * LOW HITPOINT WARNING * * *
Found three items.
You see here a hornet corpse.
You slash the frost giant!
The frost giant is lightly wounded.
You slash the frost giant!
The frost giant is lightly wounded.
You hit the frost giant. You headbutt the frost giant.
The frost giant is lightly wounded.
The frost giant hits you with a +2 battleaxe of freezing!!
* * * LOW HITPOINT WARNING * * *
The frost giant freezes you.
* * * LOW HITPOINT WARNING * * *
You slash the frost giant! You headbutt the frost giant.
The frost giant is moderately wounded.
You barely miss the frost giant.
The frost giant is moderately wounded.
The frost giant points at you and mumbles some strange words.
The bolt of cold hits you! You resist.
You die...

#.......#.#........
+.##...##.+.......# #
#.......#...(#..#
#.##.#.#.##...###.# .
#....###.##.......##....
###.....##....)........
#####'#########'########
#......## # #.#.#
#####...#.# #.#@#.#
##..##..#.##.##C##.#
#....#.##.#.# })[ #.#
##.##..+# .=#). #+
##.#....# ##[)|##
#..##..## ##.##
#...##### ### ##.(....#
######'#########+#####


You could see a frost giant.

Vanquished Creatures
  A manticore (D:9)
  Psyche (D:8)
  A hornet (D:9)
  3 hogs (D:8)
  A human (D:8)
  A hungry ghost (D:8)
  A yak (D:8)
  Grum (D:8)
  A water moccasin (D:8)
  An orc warrior (D:5)
  2 ice beasts
  2 sky beasts
  5 ogres
  3 wolves (D:8)
  6 centaurs
  2 big kobolds
  5 bullfrogs
  A wyvern zombie (D:9)
  A killer bee (D:9)
  3 scorpions
  5 wights (D:6)
  5 howler monkeys
  2 crimson imps (D:5)
  A centaur skeleton (D:9)
  3 orc priests
  2 hounds
  A jelly (D:9)
  2 bullfrog skeletons
  4 iguanas
  Ijyb (D:4)
  2 orc wizards (D:3)
  7 worker ants
  A hound zombie (D:7)
  A worker ant zombie (D:7)
  3 adders
  2 shadow imps
  An ooze (D:4)
  An adder zombie (D:9)
  2 adder skeletons
  2 worms (D:2)
  A dart slug (D:1)
  4 leopard geckos
  25 orcs
  6 giant cockroaches
  6 goblins
  3 hobgoblins (D:3)
  14 jackals
  14 kobolds
  3 quokkas
  2 ball pythons
  A ball python zombie (D:5)
  7 bats
  9 frilled lizards
  A jackal zombie (D:5)
  A quokka skeleton (D:6)
  7 rats
194 creatures vanquished.

Notes
Turn   | Place    | Note
-------+----------+-------------------------------------------
     0 | D:1      | Curus the Minotaur Berserker began the quest for the Orb.
     0 | D:1      | Reached XP level 1. HP: 19/19 MP: 0/0
   146 | D:1      | Reached skill level 4 in Long Blades
   271 | D:1      | Reached XP level 2. HP: 26/26 MP: 1/1
   728 | D:1      | Gained mutation: Your skin changes colour to match your
                  | surroundings (Stealth+). [potion of mutation]
   728 | D:1      | Gained mutation: You are partially covered in thin metallic
                  | scales. (AC +2) [potion of mutation]
  1003 | D:2      | You fall into a shaft and drop 1 floor!
  1012 | D:3      | Reached ** piety under Trog
  1012 | D:3      | Reached skill level 5 in Long Blades
  1023 | D:3      | Reached XP level 3. HP: 19/31 MP: 2/2
  1087 | D:3      | Noticed a bullfrog
  1094 | D:3      | Killed a bullfrog
  1094 | D:3      | Reached skill level 6 in Long Blades
  1094 | D:3      | Reached XP level 4. HP: 25/39 MP: 3/3
  1102 | D:3      | Reached skill level 7 in Long Blades
  1102 | D:3      | Reached XP level 5. HP: 30/45 MP: 4/4
  1171 | D:3      | Found an ornate altar of the Wu Jian Council.
  1172 | D:3      | Found a shadowy altar of Dithmenos.
  1176 | D:3      | Found an iron altar of Okawaru.
  1852 | D:3      | Found a faded altar of an unknown god.
  1919 | D:3      | Found a sacrificial altar of Ru.
  2039 | D:4      | Found Usietas's Assorted Antiques.
  2064 | D:4      | Bought a scroll labeled XESTRO HOIM for 25 gold pieces
  2075 | D:4      | Found Ysan's General Store.
  2121 | D:4      | Reached skill level 8 in Long Blades
  2132 | D:4      | Reached XP level 6. HP: 46/51 MP: 5/5
  2205 | D:4      | Bought a scroll labeled ISEDOZ DURITUWK for 25 gold pieces
  2327 | D:4      | Reached *** piety under Trog
  2328 | D:4      | Found Lejot's Antique Weapon Emporium.
  2396 | D:4      | Noticed Ijyb
  2414 | D:4      | Killed Ijyb
  2414 | D:4      | Reached skill level 9 in Long Blades
  2796 | D:4      | Found a white marble altar of Elyvilon.
  2839 | D:5      | Entered Level 5 of the Dungeon
  2876 | D:5      | Identified a scroll of acquirement
  2877 | D:5      | Got a twisted hat
  2883 | D:5      | Identified the +1 hat of Defence {Int+6 Dex-4 Slay+5} (You
                  | acquired it on level 5 of the Dungeon)
  2896 | D:5      | Reached XP level 7. HP: 55/57 MP: 6/6
  2941 | D:5      | Reached skill level 10 in Long Blades
  3084 | D:5      | Reached skill level 11 in Long Blades
  3177 | D:5      | Reached XP level 8. HP: 45/64 MP: 7/7
  3255 | D:5      | Reached skill level 12 in Long Blades
  3981 | D:6      | Reached skill level 13 in Long Blades
  4202 | D:6      | Reached **** piety under Trog
  4462 | D:7      | Found a staircase to the Ecumenical Temple.
  4480 | D:7      | Reached XP level 9. HP: 69/70 MP: 8/8
  4650 | D:7      | Reached skill level 14 in Long Blades
  5260 | D:8      | Reached skill level 5 in Fighting
  5291 | D:8      | Noticed Grum
  5304 | D:8      | Reached skill level 5 in Armour
  5310 | D:8      | Killed Grum
  5347 | D:8      | Reached ***** piety under Trog
  5416 | D:8      | Noticed Psyche
  5425 | D:8      | Killed Psyche
  5425 | D:8      | Reached XP level 10. HP: 86/88 MP: 9/9
  5514 | D:8      | Found Fimpa's Magic Scroll Emporium.
  5517 | D:8      | Bought a scroll of teleportation for 33 gold pieces
  5517 | D:8      | Bought a scroll of teleportation for 33 gold pieces
  5517 | D:8      | Bought a scroll of teleportation for 33 gold pieces
  5951 | D:9      | Noticed a manticore
  5956 | D:9      | Killed a manticore
  6098 | D:9      | Noticed a frost giant
  6111 | D:9      | Found the +7 Kryia's mail coat {PotionHeal*2 rC+}
  6115 | D:9      | Killed from afar by a frost giant

Levels and vault maps discovered:
D:1:      lemuel_arrival_muddy, layout_basic
D:2:      layout_rooms
D:3:      layout_basic, minitemple, chequers_ecumenical_altar_grove,
          nrook_campfire, nicolae_ru_path_of_blood
D:4:      layout_loops_ring, lemuel_coloured_pillars_altar, serial_shops, shop,
          nicolae_shop_statue_plus, shop, first_ration, uniq_ijyb
D:5:      layout_loops_ring, grunt_ministairs_14
D:6:      layout_basic, minmay_crystal_room
D:7:      layout_basic, minmay_temple_entry_waves
D:8:      layout_loops_ring, serial_shops, kennysheep_mini_moat,
          grunt_livestock, uniq_psyche, uniq_grum
D:9:      minmay_the_grid_net [minmay_the_grid_odd_star,
          minmay_the_grid_small_cups, minmay_the_grid_tri_star,
          minmay_the_grid_minigrid_medium, minmay_the_grid_fan,
          minmay_the_grid_prize_diamond_cup], layout_cave_pools, orc_0_dummy,
          uniq_prince_ribbit1

Skill      XL: |  1  2  3  4  5  6  7  8  9 10 |
---------------+-------------------------------+-----
Long Blades    | 4 5 6 7 8 9 11 13 14 | 14.0
Fighting       | 7 9 |  9.3
Armour         | 7 8 |  8.8
Dodging        | |  2.1

Action                   |  1- 3 |  4- 6 |  7- 9 | 10-12 || total
-------------------------+-------+-------+-------+-------++-------
Melee: Falchion          |    69 |   131 |   259 |    79 ||   538
       Headbutt          |     7 |    23 |    33 |    10 ||    73
Invok: Trog's Hand       |       |     1 |       |       ||     1
       Berserk           |       |       |     1 |     1 ||     2
Evoke: Wand              |       |       |     1 |       ||     1
  Use: Potion            |     5 |     4 |     2 |     1 ||    12
       Scroll            |     4 |     8 |     4 |     1 ||    17
  Eat: Chunk             |     1 |     6 |     9 |       ||    16
       Ration            |       |       |       |     1 ||     1
Armor: Animal skin       |     2 |       |       |       ||     2
       Chain mail        |    29 |    41 |     8 |       ||    78
       Plate armour      |       |       |    85 |    34 ||   119
Dodge: Dodged            |    23 |    26 |    44 |     9 ||   102
Block: Buckler           |       |    12 |    24 |     3 ||    39
       Rpst.: Falchion   |     8 |     8 |    16 |     2 ||    34
